 Dungeon Crawl Stone Soup version 0.31-a0-174-g85c54bcb58 (webtiles) character file.

Game seed: 10238234354076640854

1449 qw the Cleaver (level 8, -9/50 HPs)
             Began as a Gargoyle Fighter on June 15, 2023.
             Was a Believer of Okawaru.
             Mangled by a gnoll
             ... wielding a +0 spear of distortion
              (10 damage)
             ... on level 5 of the Dungeon.
             The game lasted 00:02:07 (4047 turns).

qw the Cleaver (Gargoyle Fighter)                   Turns: 4047, Time: 00:02:07

Health: -9/50      AC: 21    Str: 22    XL:     8   Next: 75%
Magic:  9/11       EV:  8    Int:  9    God:    Okawaru [**....]
Gold:   215        SH:  5    Dex:  9    Spells: 7/7 levels left

rFire   . . .        Y - +0 war axe
rCold   . . .        c - +0 buckler
rNeg    + . .        q - +0 plate armour
rPois   inf          (no helmet)
rElec   +            (no cloak)
rCorr   .            (no gloves)
SInv    .            b - +0 pair of boots {Stlth+}
Will    +....        (no amulet) Stlth
                     h - ring of willpower
HPRegen 0.28/turn    (no ring)
MPRegen 0.12/turn

%: no passive effects
@: heroic
A: sickness immunity, AC +5, negative energy resistance 1, electricity
resistance, torment resistance 1, petrification resistance
a: Renounce Religion, Heroism


You were on level 5 of the Dungeon.
You worshipped Okawaru.
Okawaru was pleased with you.
You visited 1 branch of the dungeon, and saw 6 of its levels.
You visited the Abyss 1 time.

You collected 215 gold pieces.


Innate Abilities, Weirdness & Mutations

You are immune to sickness and miasma.
Your stone body is resilient. (AC +5)
You are immune to poison.
You resist negative energy. (rN+)
You are resistant to electric shocks. (rElec)
You are resistant to unholy torment.
You are immune to petrification.


   Skills:
 - Level 5.4(10.4) Fighting
 - Level 8.1(13.1) Axes
 - Level 4.2(9.2) Armour
 + Level 0.0(5.0) Dodging
 - Level 3.2(8.2) Shields
 - Level 4.0 Invocations


You had 7 spell levels left.
You didn't know any spells.
Your spell library was empty.

Inventory:

Hand Weapons
 s - a +0 flail
 Y - a +0 war axe (weapon)
Armour
 b - a +0 pair of boots of stealth (worn)
 c - a +0 buckler (worn)
 q - a +0 plate armour (worn)
Jewellery
 h - a ring of willpower (left hand)
Scrolls
 a - 2 scrolls of identify
Potions
 d - a potion of might
 e - a potion of resistance
 g - a potion of mutation
 l - a potion of enlightenment {unknown}
 m - a potion of curing {unknown}
 n - 2 potions of lignification {unknown}
 o - a potion of attraction {unknown}
 p - a potion of haste
 r - a potion of degeneration {unknown}

Dungeon Overview and Level Annotations

Branches:
Dungeon (6/15)
 Temple: D:4-7

Altars:
Kikubaaqudgha
Okawaru
Ru


Message History

The small abomination is almost destroyed.
You hit the quasit.
The small abomination closely misses you.
The quasit bites you but does no damage.
The quasit completely misses you.
The quasit claws you but does no damage.
The small abomination hits you but does no damage.
You slash the small abomination!
You destroy the small abomination!
Okawaru accepts your kill.
You slash the quasit!
You kill the quasit!
Okawaru accepts your kill.
Your base Fighting skill increases to level 5!
You start resting.
The substance of the Abyss twists violently, and a gateway leading out appears!
Magic restored.
You feel like a meek peon again.
You pass through the gate.
Welcome back to the Dungeon!
You hear the hiss of flowing sand.
There is an entrance to an ossuary on this level.
Hurry and find it before the portal is buried!
You hear the quick hiss of an avalanche of sand very nearby.
The gnoll hits you but does no damage. x2; Space warps horribly around you!!
The gnoll hits you but does no damage.
4044 ||| INVOKING Heroism.
You gain the combat prowess of a mighty hero.
The gnoll completely misses you. The gnoll barely misses you.
You hit the gnoll but do no damage. You closely miss the gnoll.
The gnoll hits you but does no damage. Space warps around you.
You block the gnoll's attack.
You hit the gnoll.
The gnoll is heavily wounded.
You slash the gnoll! The gnoll hits you but does no damage.
The gnoll barely misses you.
You barely miss the gnoll.
The gnoll is severely wounded.
You hit the gnoll but do no damage. The gnoll hits you but does no damage.
Space warps horribly around you!
You die...

### ..# #.
#.####### #.
## #.#.....#
#... #.#.###.#
#####.# #...#
#.# #.....#
#####
#.###.##g5# #
....#
#.....##5g##.#
..#.# #######
.#@..# ..#
5#g### ..#
S..# ..# ....
..# .#### ###
.. #. .


You could see 3 gnolls and 2 ufetubi.

Vanquished Creatures
  A large abomination (Abyss:1)
  Grinder (D:6)
  Sigmund (D:6)
  An ice beast (D:6)
  A small abomination (Abyss:1)
  A phantom (D:4)
  A centaur (D:5)
  A kobold brigand (D:3)
  A quasit (Abyss:1)
  2 iguanas
  3 gnolls (D:5)
  4 adders
  2 ufetubi
  A worm (D:2)
  5 dart slugs
  6 orcs
  8 endoplasms
  5 giant cockroaches
  7 goblins
  10 hobgoblins
  6 jackals
  2 quokkas
  2 ball pythons
  5 bats
  A frilled lizard (D:1)
  9 kobolds (D:3)
87 creatures vanquished.

Notes
Turn   | Place    | Note
-------+----------+-------------------------------------------
     0 | D:1      | qw the Gargoyle Fighter began the quest for the Orb.
     0 | D:1      | Reached XP level 1. HP: 14/14 MP: 1/1
     0 | D:1      | 0 ||| qw: Version: 0.2-a-29-g511e9b1
     0 | D:1      | 0 ||| qw: Game counter: 5506
     0 | D:1      | 0 ||| qw: Always use a shield: true
     0 | D:1      | 0 ||| qw: God list: Okawaru
     0 | D:1      | 0 ||| qw: Allow faded altars: false
     0 | D:1      | 0 ||| qw: Do Orc after D:15 true
     0 | D:1      | 0 ||| qw: Do second Lair branch before Depths: true
     0 | D:1      | 0 ||| qw: Lair rune preference: random
     0 | D:1      | 0 ||| qw: Plans: Normal, Zot:1-4, Slime:5, God:TSO, Crypt,
                  | Tomb, Abyss, Pan, Hells, Win
     0 | D:1      | 0 ||| PLANNING D:1-11
    46 | D:1      | Reached skill level 2 in Axes
   135 | D:1      | Reached XP level 2. HP: 19/19 MP: 2/2
   270 | D:1      | Found a faded altar of an unknown god.
   486 | D:1      | Reached skill level 3 in Axes
   604 | D:1      | Reached XP level 3. HP: 23/23 MP: 3/3
   648 | D:1      | 648 ||| UPGRADING to ring of willpower.
   649 | D:1      | 649 ||| DROPPING +6 ring of intelligence.
   650 | D:1      | 650 ||| READING 2 scrolls labelled KUPIGH BOUFF.
   651 | D:1      | 651 ||| READING scroll labelled KAPLOCZAIKO.
   681 | D:2      | 681 ||| STAIRDANCE
   966 | D:2      | 966 ||| Stepping ~*~*~tactically~*~*~ (hiding).
   968 | D:2      | 968 ||| Stepping ~*~*~tactically~*~*~ (hiding).
  1284 | D:2      | Reached XP level 4. HP: 27/28 MP: 4/4
  1400 | D:2      | 1400 ||| Stepping ~*~*~tactically~*~*~ (hiding).
  1401 | D:2      | 1401 ||| Stepping ~*~*~tactically~*~*~ (hiding).
  1781 | D:2      | Reached skill level 4 in Axes
  1892 | D:2      | 1892 ||| UPGRADING to +0 plate armour.
  1902 | D:2      | 1902 ||| DROPPING +0 scale mail.
  1903 | D:2      | 1903 ||| READING scroll labelled WOKOBO TISHROIN.
  1904 | D:2      | 1904 ||| READING scroll labelled SOTAGIWAECH.
  1905 | D:2      | 1905 ||| READING scroll labelled RANUGOPSOYMM.
  1906 | D:2      | 1906 ||| READING scroll labelled ACVYTY WALU.
  1910 | D:2      | 1910 ||| READING scroll labelled KYAPPU QOXUEKI.
  1911 | D:2      | 1911 ||| READING 3 scrolls of identify.
  1911 | D:2      | 1911 ||| IDENTIFYING lumpy green potion
  1912 | D:2      | 1912 ||| READING 2 scrolls of identify.
  1912 | D:2      | 1912 ||| IDENTIFYING fuming yellow potion
  1913 | D:2      | 1913 ||| DROPPING potion of brilliance.
  1983 | D:3      | 1983 ||| Stepping ~*~*~tactically~*~*~ (stealth).
  2112 | D:3      | Found a sacrificial altar of Ru.
  2112 | D:3      | Found an ancient bone altar of Kikubaaqudgha.
  2112 | D:3      | Found an iron altar of Okawaru.
  2113 | D:3      | 2113 ||| PLANNING OKAWARU WORSHIP
  2113 | D:3      | 2113 ||| UPGRADING to +0 pair of boots of stealth.
  2118 | D:3      | 2118 ||| DROPPING orb of wrath.
  2125 | D:3      | Became a worshipper of Warmaster Okawaru
  2126 | D:3      | 2126 ||| PLANNING D:1-11
  2452 | D:3      | 2452 ||| Stepping ~*~*~tactically~*~*~ (stealth).
  2641 | D:3      | Noticed a kobold brigand
  2642 | D:3      | 2642 ||| FLEEEEING.
  2704 | D:3      | Reached XP level 5. HP: 32/32 MP: 5/5
  2717 | D:3      | Killed a kobold brigand
  2718 | D:3      | Reached skill level 5 in Axes
  2856 | D:3      | 2856 ||| READING scroll labelled OCEGUA SIXTY.
  2857 | D:3      | 2857 ||| DRINKING 2 dark potions.
  3016 | D:4      | 3016 ||| FLEEEEING.
  3020 | D:4      | 3020 ||| Stepping ~*~*~tactically~*~*~ (stealth).
  3116 | D:4      | 3116 ||| DROPPING +0 mace.
  3121 | D:4      | 3121 ||| Stepping ~*~*~tactically~*~*~ (stealth).
  3175 | D:4      | Noticed a phantom
  3188 | D:4      | Killed a phantom
  3189 | D:4      | Reached XP level 6. HP: 26/39 MP: 6/6
  3265 | D:4      | You fall into a shaft and drop 2 floors!
  3285 | D:6      | Noticed an ice beast
  3291 | D:6      | Killed an ice beast
  3291 | D:6      | Reached * piety under Okawaru
  3376 | D:6      | Noticed Grinder
  3377 | D:6      | 3377 ||| Stepping ~*~*~tactically~*~*~ (hiding).
  3381 | D:6      | 3381 ||| INVOKING Heroism.
  3385 | D:6      | Killed Grinder
  3386 | D:6      | Reached skill level 6 in Axes
  3386 | D:6      | Reached XP level 7. HP: 44/44 MP: 4/8
  3468 | D:6      | 3468 ||| Stepping ~*~*~tactically~*~*~ (stealth).
  3475 | D:6      | Reached ** piety under Okawaru
  3479 | D:6      | 3479 ||| READING scroll labelled CASTUN EXZEIT.
  3480 | D:6      | 3480 ||| READING scroll labelled MIXOIPN ZOIQ.
  3481 | D:6      | 3481 ||| DRINKING 2 blue potions.
  3482 | D:6      | 3482 ||| DRINKING 2 viscous golden potions.
  3484 | D:6      | Noticed Sigmund
  3485 | D:6      | 3485 ||| INVOKING Heroism.
  3496 | D:6      | Killed Sigmund
  3497 | D:6      | Reached skill level 3 in Invocations
  3537 | D:5      | Entered Level 5 of the Dungeon
  3538 | D:5      | 3538 ||| PLANNING OSSUARY
  3660 | D:5      | 3660 ||| Stepping ~*~*~tactically~*~*~ (hiding).
  3666 | D:5      | Reached XP level 8. HP: 36/48 MP: 11/11
  3667 | D:5      | 3667 ||| INVOKING Heroism.
  3726 | D:5      | 3726 ||| Stepping ~*~*~tactically~*~*~ (hiding).
  3903 | D:5      | 3903 ||| Stepping ~*~*~tactically~*~*~ (hiding).
  3911 | Abyss:1  | Cast into level 1 of the Abyss (gnoll)
  3948 | Abyss:1  | Noticed a large abomination
  3949 | Abyss:1  | 3949 ||| Stepping ~*~*~tactically~*~*~ (stealth).
  3951 | Abyss:1  | 3951 ||| Stepping ~*~*~tactically~*~*~ (stealth).
  3952 | Abyss:1  | 3952 ||| Stepping ~*~*~tactically~*~*~ (stealth).
  3961 | Abyss:1  | 3961 ||| INVOKING Heroism.
  3964 | Abyss:1  | HP: 11/48 [large abomination (15)]
  3965 | Abyss:1  | 3965 ||| READING scroll of teleportation.
  3966 | Abyss:1  | 3966 ||| DRINKING potion of heal wounds.
  3968 | Abyss:1  | Killed a large abomination
  3969 | Abyss:1  | Reached skill level 8 in Axes
  4024 | Abyss:1  | 4024 ||| INVOKING Heroism.
  4043 | D:5      | Escaped the Abyss
  4043 | D:5      | HP: 5/50 [gnoll/+0 spear of distortion (18)]
  4044 | D:5      | 4044 ||| INVOKING Heroism.
  4045 | D:5      | HP: 1/50 [gnoll/+0 spear of distortion (5)]
  4047 | D:5      | Mangled by a gnoll

Levels and vault maps discovered:
D:1:      lightli_arrival_lavapool, layout_loops_cross, basic_ecumenical_altar,
          minmay_misc_feat_cross
D:2:      layout_basic, serial_glass, glass_columns_a, glass_columns_a
D:3:      cheibrodos_thug_alley, layout_basic, gammafunk_temple_overflow_claw,
          grunt_ministairs_3
D:4:      layout_layer_cave, mainiacjoe_overflow_swirl, old_standard_altar
D:5:      layout_basic, temple_statues, enter_ossuary_5
D:6:      layout_basic, mainiacjoe_overflow_paths, uniq_sigmund, uniq_grinder

Skill      XL: |  1  2  3  4  5  6  7  8 |
---------------+-------------------------+-----
Axes           | 2 3 4 5 6 8 |  8.1
Fighting       | 4 5 |  5.4
Invocations    | 2 4 |  4.0
Armour         | 4 |  4.2
Shields        | |  3.2

Action                     |  1- 3 |  4- 6 |  7- 9 || total
---------------------------+-------+-------+-------++-------
  Melee: War axe           |    94 |   166 |    68 ||   328
 Invoke: Heroism           |       |     1 |     5 ||     6
    Use: Scroll            |     2 |     8 |     3 ||    13
         Potion            |       |     1 |     3 ||     4
 Armour: Scale mail        |    47 |     7 |       ||    54
         Plate armour      |       |   119 |    52 ||   171
  Dodge: Dodged            |    39 |    46 |    26 ||   111
  Block: Buckler           |    13 |    36 |    25 ||    74

Table legend:
 A = Non-vault XP
 B = Vault XP
 C = Vault XP percentage of total XP
 D = Non-vault monster count
 E = Vault monster count
 F = Vault count percentage of total count
                 A         B        C        D         E       F
            +---------+---------+-------+---------+---------+-------
      Total |    1441 |     629 |  30.4 |      73 |      14 |  16.1
            +---------+---------+-------+---------+---------+-------
        D:1 |      39 |       0 |   0.0 |      19 |       0 |   0.0
        D:2 |      61 |       0 |   0.0 |      18 |       0 |   0.0
        D:3 |      32 |     126 |  79.7 |      11 |      12 |  52.2
        D:4 |     143 |       0 |   0.0 |      12 |       0 |   0.0
        D:5 |     195 |       0 |   0.0 |       7 |       0 |   0.0
        D:6 |     173 |     503 |  74.4 |       3 |       2 |  40.0
    Abyss:1 |     798 |       0 |   0.0 |       3 |       0 |   0.0
            +---------+---------+-------+---------+---------+-------
